[Event "Titled Tuesday Blitz February 07 Early 2023"]
[White "Belov, Alexei"]
[Black "Sailer, Mike"]
[WhiteFideId "4128206"]
[BlackFideId "2012901"]
[WhiteElo "2421"]
[BlackElo "2109"]
[Result "1-0"]
[Round "03"]
[TimeControl "180+2"]
[Date "2023.02.07"]
[WhiteClock "0:00:40"]
[BlackClock "0:00:01"]

1. e4 d5 2. exd5 Qxd5 3. Nc3 Qd6 4. d4 Nf6 5. Nf3 c6 6. Bd3 Bg4 7. h3 Bh5 8. Be3 e6 9. Qe2 Nbd7 10. O-O-O Nb6 11. g4 Bg6 12. Ne5 Bxd3 13. Qxd3 Nbd5 14. Rhe1 Nxc3 15. Qxc3 Nd5 16. Qb3 Qc7 17. Bd2 O-O-O 18. c4 Nf6 19. Bf4 Bd6 20. c5 Bxe5 21. Bxe5 Qe7 22. Qa4 a6 23. Qa5 Nd5 24. Kb1 f6 25. Bd6 Rxd6 26. cxd6 Qxd6 27. Qd2 h5 28. g5 Nf4 29. gxf6 gxf6 30. h4 Ng2 31. Re4 Rg8 32. Qe2 Re8 33. Qxh5 Re7 34. Qh8+ Kc7 35. Qxf6 Re8 36. h5 Kb6 37. h6 1-0


[Site "https://www.chess.com"]

[Event "Titled Tuesday Blitz February 07 Early 2023"]
[White "Kubicka, Anna"]
[Black "Tobares, Leandro"]
[WhiteFideId "1152254"]
[BlackFideId "106402"]
[WhiteElo "2240"]
[BlackElo "2189"]
[Result "1/2-1/2"]
[Round "03"]
[TimeControl "180+2"]
[Date "2023.02.07"]
[WhiteClock "0:00:18"]
[BlackClock "0:00:15"]

1. d4 Nf6 2. c4 e6 3. Nc3 c5 4. d5 exd5 5. cxd5 d6 6. Nf3 g6 7. Nd2 Bg7 8. Nc4 O-O 9. Bf4 Ne8 10. e4 a6 11. a4 Qe7 12. Bd3 Nd7 13. O-O Rb8 14. a5 b5 15. axb6 Nxb6 16. Nxb6 Rxb6 17. Qe2 Nf6 18. Rfe1 Nd7 19. Bxa6 Bxa6 20. Rxa6 Rfb8 21. Rxb6 Rxb6 22. Ra1 h6 23. h3 Ne5 24. Ra6 Rb4 25. Nb5 Nc4 26. Nxd6 Nxd6 27. Bxd6 Qxe4 28. Qxe4 Rxe4 29. Bxc5 Re5 30. Ra8+ Kh7 31. Rd8 Re1+ 32. Kh2 Bxb2 33. g3 Rd1 34. Kg2 Bd4 35. Bxd4 Rxd4 36. d6 Kg7 37. d7 Kf6 38. Kf3 h5 39. Ke3 Rd6 40. Ke4 Ke7 41. Re8+ Kxd7 42. Re5 Re6 43. Kf4 f6 44. Ra5 Rc6 45. Ra7+ Ke6 46. h4 Rc4+ 47. Kf3 Rc3+ 48. Kg2 Rd3 49. Rg7 Kf5 50. Kf1 Rb3 51. Rg8 Ra3 52. Kg2 Rb3 53. Ra8 Rc3 54. Ra5+ Ke6 55. Ra4 Kf5 56. Rf4+ Ke5 57. Kf1 Rb3 58. Rc4 Ra3 59. Rc2 Rb3 60. Ke2 Ra3 61. Rd2 Rb3 62. Ra2 Rc3 63. Ra5+ Ke6 64. f3 Rb3 65. Kf2 Rc3 66. Kg2 Rb3 67. g4 hxg4 68. fxg4 Rb4 69. Kf3 Rb3+ 70. Kf2 Rb2+ 71. Ke3 Rh2 72. h5 gxh5 73. Rxh5 Rxh5 74. gxh5 Kf7 75. Kf4 Kg7 76. Kf5 Kh6 77. Kxf6 Kxh5 1/2-1/2


[Site "https://www.chess.com"]

[Event "Titled Tuesday Blitz February 07 Early 2023"]
[White "Simonovic, Miroslav"]
[Black "Moksh Amit Doshi"]
[WhiteFideId "919152"]
[BlackFideId "25064967"]
[WhiteElo "2082"]
[BlackElo "2401"]
[Result "1/2-1/2"]
[Round "03"]
[TimeControl "180+2"]
[Date "2023.02.07"]
[WhiteClock "0:00:08"]
[BlackClock "0:01:14"]

1. d4 Nf6 2. Bg5 d5 3. Bxf6 exf6 4. e3 Bd6 5. c4 dxc4 6. Bxc4 Nd7 7. Nc3 c6 8. g3 f5 9. Nge2 Nf6 10. O-O O-O 11. a3 Qe7 12. b4 a5 13. Na4 axb4 14. Nb6 Rxa3 15. Nxc8 Rxc8 16. Rxa3 bxa3 17. Qb3 b5 18. Bd3 Qe6 19. Qc2 g6 20. Rc1 Rc7 21. Nc3 Nd5 22. Na2 c5 23. dxc5 Rxc5 24. Qb3 Rxc1+ 25. Nxc1 Nb4 26. Qxe6 fxe6 27. Bxb5 a2 28. Nxa2 Nxa2 29. Bc4 Nb4 30. Bxe6+ Kg7 31. h4 Kf6 32. Bg8 h6 33. Kg2 Nd3 34. Bc4 Ne5 35. Be2 Bb4 36. f3 Bd2 37. e4 f4 38. gxf4 Bxf4 39. Bb5 h5 40. Be8 Nd3 41. Bb5 Nc5 42. Be8 Ne6 43. Kh3 Be5 44. Kg2 Nf4+ 45. Kf2 Bd4+ 46. Kg3 Ke5 47. Bf7 Be3 48. Be8 Kd4 49. Bf7 Ke5 50. Be8 Kf6 51. Bb5 g5 52. hxg5+ Kxg5 53. Be8 h4+ 54. Kh2 Bf2 55. Bf7 Bg3+ 56. Kh1 h3 57. Bc4 Kh4 58. Bf1 Bf2 59. e5 Kg3 60. Bxh3 Kxh3 61. e6 Bc5 62. e7 Bxe7 63. Kg1 Kg3 64. Kf1 Kxf3 65. Kg1 Ne2+ 66. Kh1 Kf2 67. Kh2 Ng3 68. Kh3 Kf3 69. Kh2 Bc5 70. Kh3 Bg1 71. Kh4 Ne4 72. Kh3 Ng3 73. Kh4 Kf4 74. Kh3 Kf3 1/2-1/2


[Site "https://www.chess.com"]

[Event "Titled Tuesday Blitz February 07 Early 2023"]
[White "Magallanes, Rey Jomar"]
[Black "Bagwe Gaurang"]
[WhiteFideId "5205948"]
[BlackFideId "45039895"]
[WhiteElo "2052"]
[BlackElo "2067"]
[Result "0-1"]
[Round "03"]
[TimeControl "180+2"]
[Date "2023.02.07"]
[WhiteClock "0:01:19"]
[BlackClock "0:02:31"]

1. e4 e5 2. Nf3 Nc6 3. Bc4 Nf6 4. d3 Be7 5. O-O d6 6. a4 O-O 7. Nbd2 Kh8 8. Re1 Ng8 9. c3 f5 10. d4 fxe4 11. Nxe4 d5 12. Nfg5 dxc4 13. Qh5 Nh6 14. Be3 exd4 15. cxd4 Bf5 16. Rad1 Bg6 17. Qh4 Bxe4 0-1


[Site "https://www.chess.com"]

[Event "Titled Tuesday Blitz February 07 Early 2023"]
[White "Berezin, Viktor"]
[Black "Bongo Akanga Ndjila, Barthelemy"]
[WhiteFideId "14107872"]
[BlackFideId "10609431"]
[WhiteElo "2307"]
[BlackElo "1824"]
[Result "0-1"]
[Round "03"]
[TimeControl "180+2"]
[Date "2023.02.07"]
[WhiteClock "0:00:01"]
[BlackClock "0:00:43"]

1. d4 d5 2. c4 e6 3. Nf3 Nf6 4. g3 Be7 5. Bg2 O-O 6. O-O c6 7. Qc2 a5 8. Nc3 b5 9. cxb5 cxb5 10. Nxb5 Ba6 11. Nc7 Qc8 12. Bf4 Ra7 13. Rac1 Nbd7 14. Nxa6 Qxa6 15. Ne5 Nxe5 16. Bxe5 Nd7 17. Bf4 Bf6 18. Rfd1 Nb6 19. Bd6 Rc8 20. Bc5 Nd7 21. Qd2 Nxc5 22. dxc5 Qb5 23. e4 Rxc5 24. exd5 exd5 25. Rxc5 Qxc5 26. Rc1 Qd6 27. Qf4 Qd8 28. Rd1 Rd7 29. Bh3 Rd6 30. Qa4 Bxb2 31. Rd2 Bc3 32. Rd3 d4 33. Bf5 g6 34. Be4 Qe7 35. f3 f5 36. Qc4+ Kg7 37. Ba8 Qe1+ 38. Kg2 Qe2+ 39. Kh3 Qf1+ 40. Kh4 Qf2 41. h3 f4 42. Qc7+ Kh6 43. Qxd6 Qxg3# 0-1


[Site "https://www.chess.com"]

[Event "Titled Tuesday Blitz February 07 Early 2023"]
[White "Osiecki, Stanislaw"]
[Black "Ilkhomi, Jaloliddin"]
[WhiteFideId "1102990"]
[BlackFideId "14700948"]
[WhiteElo "2055"]
[BlackElo "1997"]
[Result "0-1"]
[Round "03"]
[TimeControl "180+2"]
[Date "2023.02.07"]
[WhiteClock "0:00:01"]
[BlackClock "0:00:11"]

1. e4 c5 2. c3 d5 3. e5 e6 4. d4 Qb6 5. Nf3 Nc6 6. Bd3 Bd7 7. dxc5 Bxc5 8. O-O a5 9. Nbd2 Nh6 10. Nb3 Be7 11. Bxh6 gxh6 12. Qd2 O-O-O 13. Nbd4 Nxd4 14. cxd4 Rdg8 15. Qxh6 Bb5 16. Qe3 Bxd3 17. Qxd3 Rg4 18. h3 Rg6 19. b3 Rhg8 20. g3 h5 21. h4 Rg4 22. Kh2 Qd8 23. Rac1+ Kb8 24. Rg1 f6 25. exf6 Bxf6 26. Ne5 Bxe5 27. dxe5 Qf8 28. f4 Qe7 29. Rc3 Qg7 30. Qf3 Rxh4+ 31. Kg2 Rg4 32. Kf2 h4 33. Qe2 hxg3+ 34. Ke1 g2 35. Rh3 Qg6 36. Qf2 Qb1+ 37. Ke2 Qc2+ 38. Ke1 Qb1+ 39. Ke2 Qxa2+ 40. Ke1 Qxf2+ 41. Kxf2 Rxf4+ 0-1


[Site "https://www.chess.com"]

[Event "Titled Tuesday Blitz February 07 Early 2023"]
[White "Castillo Pena, Patricia Evarista"]
[Black "Leenhouts, Koen"]
[WhiteFideId "6412106"]
[BlackFideId "1008439"]
[WhiteElo "1783"]
[BlackElo "2447"]
[Result "0-1"]
[Round "03"]
[TimeControl "180+2"]
[Date "2023.02.07"]
[WhiteClock "0:00:10"]
[BlackClock "0:00:45"]

1. d4 d5 2. Nf3 Nf6 3. e3 c5 4. Bd3 Nc6 5. b3 Bg4 6. Bb2 e6 7. O-O Bd6 8. Nbd2 O-O 9. h3 Bh5 10. Qb1 Rc8 11. a3 cxd4 12. exd4 Bb8 13. Ne5 Nxe5 14. dxe5 Nd7 15. Re1 Bg6 16. Bxg6 fxg6 17. b4 Qh4 18. Nf3 Rxf3 19. gxf3 Qxh3 20. Re3 Rc4 21. Qf1 Qh5 22. Rae1 a6 23. Qg2 Ba7 24. R3e2 Rh4 25. Bc1 h6 26. Bd2 g5 27. c3 g4 28. f4 g3 29. Be3 Bxe3 30. Rxe3 gxf2+ 31. Kxf2 Rh2 0-1


[Site "https://www.chess.com"]

[Event "Titled Tuesday Blitz February 07 Early 2023"]
[White "Svane, Frederik"]
[Black "Fernandez, Michael"]
[WhiteFideId "12923044"]
[BlackFideId "5803560"]
[WhiteElo "2600"]
[BlackElo "2181"]
[Result "1-0"]
[Round "03"]
[TimeControl "180+2"]
[Date "2023.02.07"]
[WhiteClock "0:00:14"]
[BlackClock "0:00:01"]

1. Nf3 Nf6 2. g3 d5 3. Bg2 Bf5 4. O-O c6 5. c4 e6 6. Qb3 Qb6 7. d3 Nbd7 8. cxd5 cxd5 9. Be3 Qxb3 10. axb3 Bc5 11. Bxc5 Nxc5 12. b4 Ncd7 13. Rc1 Ke7 14. Nd4 Bg6 15. Nd2 a6 16. Rc7 Rab8 17. Rac1 Ne8 18. R7c3 Nd6 19. N2b3 Rhc8 20. Na5 Kd8 21. f4 Nb6 22. b3 Rxc3 23. Rxc3 Rc8 24. Rxc8+ Kxc8 25. Kf2 Nf5 26. Nf3 f6 27. Bh3 Nd7 28. g4 Ne7 29. Nd4 b6 30. Nac6 Nxc6 31. Nxc6 Kc7 32. Nd4 e5 33. fxe5 fxe5 34. Ne6+ Kd6 35. Nxg7 Nf6 36. g5 Nd7 37. Bf5 Nf8 38. h4 1-0


[Site "https://www.chess.com"]

[Event "Titled Tuesday Blitz February 07 Early 2023"]
[White "Mazurkiewicz, Michal"]
[Black "Durarbayli, Vasif"]
[WhiteFideId "1124943"]
[BlackFideId "13402935"]
[WhiteElo "2145"]
[BlackElo "2627"]
[Result "0-1"]
[Round "03"]
[TimeControl "180+2"]
[Date "2023.02.07"]
[WhiteClock "0:00:02"]
[BlackClock "0:00:30"]

1. e4 c5 2. Nf3 a6 3. g3 b5 4. Bg2 Bb7 5. d3 e6 6. O-O d6 7. Re1 Nd7 8. c3 Ngf6 9. Nbd2 Be7 10. d4 O-O 11. e5 Nd5 12. Ne4 dxe5 13. Nxe5 Nxe5 14. dxe5 Qc7 15. Qh5 g6 16. Qh6 Qxe5 17. Bg5 Bxg5 18. Nxg5 Qg7 19. Qh4 c4 20. Rad1 Rad8 21. Ne4 Ba8 22. Rd4 h6 23. f4 b4 24. Red1 bxc3 25. bxc3 Rb8 26. Rxd5 exd5 27. Nf6+ Kh8 28. Nd7 Kh7 29. Nf6+ Kh8 30. Nd7 Bc6 31. Nxf8 Rxf8 32. Bxd5 Bxd5 33. Rxd5 Qxc3 34. Qxh6+ Kg8 35. Qg5 Qa1+ 36. Kg2 Qxa2+ 37. Kh3 c3 38. Rd8 Qe6+ 39. Kh4 c2 40. Rxf8+ Kxf8 41. Qd8+ Kg7 42. Qc7 Qf6+ 43. Kh3 Qb2 44. f5 c1=Q 45. f6+ Kxf6 46. Qd6+ Kg7 47. Qe5+ Qxe5 48. g4 0-1


[Site "https://www.chess.com"]

[Event "Titled Tuesday Blitz February 07 Early 2023"]
[White "Horak, Martin"]
[Black "Cherniaiev, Tykhon"]
[WhiteFideId "367095"]
[BlackFideId "14182360"]
[WhiteElo "2266"]
[BlackElo "2330"]
[Result "0-1"]
[Round "03"]
[TimeControl "180+2"]
[Date "2023.02.07"]
[WhiteClock "0:00:45"]
[BlackClock "0:00:27"]

1. d4 Nf6 2. Nf3 e6 3. c4 d5 4. Nc3 Be7 5. Bf4 O-O 6. e3 c5 7. dxc5 Bxc5 8. cxd5 exd5 9. Be2 Nc6 10. O-O a6 11. Rc1 d4 12. exd4 Nxd4 13. Nxd4 Bxd4 14. Bf3 Be6 15. Bxb7 Ra7 16. Bf3 Rd7 17. Qa4 Qb6 18. b3 h6 19. Ne4 Rfd8 20. Nxf6+ Bxf6 21. Qc6 Qb4 22. Be3 Qa3 23. Qc2 Qa5 24. Rfd1 Rxd1+ 25. Rxd1 Rxd1+ 26. Bxd1 Qe1# 0-1


[Site "https://www.chess.com"]

[Event "Titled Tuesday Blitz February 07 Early 2023"]
[White "Begunov, Konstantin"]
[Black "Matinian, Nikita"]
[WhiteFideId "4118510"]
[BlackFideId "24129100"]
[WhiteElo "2325"]
[BlackElo "2407"]
[Result "0-1"]
[Round "03"]
[TimeControl "180+2"]
[Date "2023.02.07"]
[WhiteClock "0:00:02"]
[BlackClock "0:00:05"]

1. d4 Nf6 2. c4 c5 3. Nf3 cxd4 4. Nxd4 g6 5. Nc3 Bg7 6. g3 O-O 7. Bg2 Nc6 8. O-O d6 9. Nxc6 bxc6 10. Bxc6 Bh3 11. Bxa8 Qxa8 12. f3 Rc8 13. Qd3 Nd7 14. Bf4 Nc5 15. Qd2 Bxf1 16. Kxf1 Qb7 17. Rc1 h5 18. b3 h4 19. Kg2 Qd7 20. gxh4 Bxc3 21. Qxc3 Qf5 22. Bg3 Ne6 23. Qe3 a5 24. Rd1 Rc5 25. Qe4 Qf6 26. Rd5 Rxd5 27. cxd5 Nc5 28. Qe3 Kf8 29. Qd2 a4 30. bxa4 Nxa4 31. Bf2 Qa1 32. Bd4 Qb1 33. Qh6+ Ke8 34. Qh8+ Kd7 35. Qa8 Qb5 0-1


[Site "https://www.chess.com"]

[Event "Titled Tuesday Blitz February 07 Early 2023"]
[White "Skliarov, Viktor"]
[Black "Mushini Ajay"]
[WhiteFideId "14106736"]
[BlackFideId "35066188"]
[WhiteElo "2383"]
[BlackElo "2310"]
[Result "1-0"]
[Round "03"]
[TimeControl "180+2"]
[Date "2023.02.07"]
[WhiteClock "0:00:13"]
[BlackClock "0:00:12"]

1. e4 c5 2. Nf3 e6 3. c3 d5 4. e5 Nc6 5. d4 Qb6 6. a3 c4 7. Nbd2 Na5 8. g3 Bd7 9. h4 Ne7 10. Bh3 Nf5 11. g4 Ne7 12. h5 h6 13. O-O O-O-O 14. Kh2 g6 15. Qe2 gxh5 16. gxh5 Nf5 17. Rg1 Be7 18. Nf1 Nb3 19. Rb1 Nxc1 20. Rxc1 Rdg8 21. Ne3 Nh4 22. Nxh4 Bxh4 23. f4 f6 24. Ng4 f5 25. Nf6 Bxf6 26. exf6 Qd6 27. Qe5 Qxe5 28. dxe5 Be8 29. Bxf5 exf5 30. Rxg8 Rxg8 31. e6 Rf8 32. f7 Bxf7 33. exf7 Rxf7 34. Rg1 Re7 35. Rg6 Re2+ 36. Kg3 Rxb2 37. Rxh6 Rb3 38. Rd6 Rxc3+ 39. Kh4 Rd3 40. h6 Kc7 41. h7 Kxd6 42. h8=Q c3 43. Qe5+ Kc5 44. Qxf5 Kc4 45. Qc8+ Kd4 46. f5 Rd2 47. f6 Ke3 48. f7 Rd4+ 49. Kg5 Rc4 50. Qxc4 dxc4 51. f8=Q c2 52. Qf4+ Kd3 53. Qc1 c3 54. Kf4 b6 55. Ke5 b5 56. Kd5 a5 57. Kc5 b4 58. axb4 axb4 59. Kxb4 Kd4 60. Qxc2 Ke3 61. Qxc3+ 1-0


[Site "https://www.chess.com"]

[Event "Titled Tuesday Blitz February 07 Early 2023"]
[White "Andreev, Konstantin"]
[Black "Akobian, Varuzhan"]
[WhiteFideId "24239305"]
[BlackFideId "13300580"]
[WhiteElo "2195"]
[BlackElo "2591"]
[Result "0-1"]
[Round "03"]
[TimeControl "180+2"]
[Date "2023.02.07"]
[WhiteClock "0:01:49"]
[BlackClock "0:02:18"]

1. e4 d6 2. Nf3 Nf6 3. Nc3 Bg4 4. d4 c6 5. Be3 e6 6. h3 Bh5 7. Be2 d5 8. e5 Nfd7 9. Qd2 c5 10. dxc5 Nc6 11. g4 Bg6 12. Bb5 Qc7 13. O-O-O Bxc5 14. Bxc5 Nxc5 15. Qe3 Nd7 16. h4 h5 17. g5 O-O 18. Bxc6 bxc6 19. Ne2 c5 20. Nf4 d4 21. Qe2 Rab8 22. Qc4 Be4 23. Rh3 Bxf3 24. Rxf3 Nxe5 25. Nxe6 Qb6 26. Nxf8 Qxb2+ 27. Kd2 Nxc4+ 0-1


[Site "https://www.chess.com"]

[Event "Titled Tuesday Blitz February 07 Early 2023"]
[White "Kuderinov, Kirill"]
[Black "Kalajzic, Ivan"]
[WhiteFideId "13701568"]
[BlackFideId "14506378"]
[WhiteElo "2404"]
[BlackElo "2062"]
[Result "1-0"]
[Round "03"]
[TimeControl "180+2"]
[Date "2023.02.07"]
[WhiteClock "0:01:17"]
[BlackClock "0:00:08"]

1. e4 Nc6 2. d4 e5 3. d5 Nce7 4. Nc3 Ng6 5. Nf3 Nf6 6. h4 h5 7. Bg5 Be7 8. Bc4 d6 9. Qd2 O-O 10. O-O-O a6 11. Nh2 b5 12. Be2 b4 13. Na4 Nxe4 14. Bxe7 Qxe7 15. Qe3 f5 16. Bxh5 Nf4 17. Bf3 Nf6 18. g3 N4h5 19. Qg5 g6 20. Qxg6+ Qg7 21. Bxh5 Nxh5 22. Qxh5 Bd7 23. b3 Bxa4 24. bxa4 e4 25. Qg5 Qxg5+ 26. hxg5 Kg7 27. f4 Rh8 28. g4 Rh4 29. gxf5 Rah8 30. Rd2 Rxf4 31. Rf1 e3 32. f6+ Kg6 33. Re2 Rxh2 34. Rxf4 Rxe2 35. f7 1-0


[Site "https://www.chess.com"]

[Event "Titled Tuesday Blitz February 07 Early 2023"]
[White "Arenas, David"]
[Black "Jiganchine, Roman"]
[WhiteFideId "4403177"]
[BlackFideId "2603667"]
[WhiteElo "2426"]
[BlackElo "2205"]
[Result "1-0"]
[Round "03"]
[TimeControl "180+2"]
[Date "2023.02.07"]
[WhiteClock "0:00:12"]
[BlackClock "0:00:04"]

1. e4 c6 2. d4 d5 3. e5 Bf5 4. Nd2 e6 5. Nb3 Nd7 6. Nf3 h6 7. Be2 a6 8. O-O Rc8 9. a4 c5 10. c4 dxc4 11. Bxc4 cxd4 12. Qxd4 Ne7 13. a5 Nc6 14. Qf4 g5 15. Qe3 Bg7 16. Rd1 Qe7 17. Ra4 O-O 18. Nbd4 Nxd4 19. Nxd4 Bg6 20. Nf3 Nc5 21. Ra3 Rfd8 22. Rxd8+ Rxd8 23. Be2 Ne4 24. h3 Qc5 25. Qxc5 Nxc5 26. Be3 Nd3 27. Bxd3 Bxd3 28. Rb3 Rd7 29. Bd2 Kh7 30. Bc3 Kg6 31. g4 Bc4 32. Rb4 Bd3 33. Kh2 Bb5 34. Kg3 Bc6 35. Rd4 Rxd4 36. Bxd4 Be4 37. Nd2 Bd5 38. b4 Bf8 39. Bc5 Bg7 40. f4 gxf4+ 41. Kxf4 h5 42. Nf1 hxg4 43. hxg4 Bh6+ 44. Kg3 Bg5 45. Be3 Bh6 46. Bxh6 Kxh6 47. Kf4 Kg6 48. Ne3 Bc6 49. Nc2 Bd5 50. Nd4 f6 51. Ne2 fxe5+ 52. Kxe5 Kg5 53. Nf4 Kxg4 54. Nxd5 exd5 55. Kxd5 Kf5 56. Kc5 Ke4 57. Kb6 Kd4 58. Kxb7 Kc4 59. Kxa6 Kxb4 60. Kb6 1-0


[Site "https://www.chess.com"]

[Event "Titled Tuesday Blitz February 07 Early 2023"]
[White "Kornyukov, Alexey"]
[Black "Czopor, Maciej"]
[WhiteFideId "4150457"]
[BlackFideId "21805431"]
[WhiteElo "2452"]
[BlackElo "2385"]
[Result "0-1"]
[Round "03"]
[TimeControl "180+2"]
[Date "2023.02.07"]
[WhiteClock "0:02:23"]
[BlackClock "0:02:09"]

1. e4 c6 2. Nf3 g6 3. Nc3 Bg7 4. d4 d5 5. exd5 cxd5 6. Bb5+ Bd7 7. Bxd7+ Qxd7 8. O-O Nc6 9. Bf4 a6 10. Ne5 Nxe5 11. dxe5 e6 12. Ne2 Ne7 13. c4 dxc4 14. Qxd7+ Kxd7 15. Rfd1+ Nd5 16. Nc3 Kc6 17. Rac1 Nxf4 18. Rd6+ Kc7 19. Rcd1 Rhd8 20. Ne4 Bxe5 0-1


[Site "https://www.chess.com"]

[Event "Titled Tuesday Blitz February 07 Early 2023"]
[White "Omelja, Artem"]
[Black "Lopez Del Alamo, Antonio"]
[WhiteFideId "14119846"]
[BlackFideId "2227339"]
[WhiteElo "2446"]
[BlackElo "2280"]
[Result "0-1"]
[Round "03"]
[TimeControl "180+2"]
[Date "2023.02.07"]
[WhiteClock "0:00:07"]
[BlackClock "0:00:21"]

1. e4 c5 2. Nf3 e6 3. d3 Nc6 4. g3 g6 5. Bg2 Bg7 6. O-O Nge7 7. Re1 e5 8. c4 O-O 9. Nc3 d6 10. Nd5 h6 11. Rb1 f5 12. a3 Nxd5 13. cxd5 Nd4 14. Nxd4 exd4 15. f4 fxe4 16. Bxe4 Bf5 17. Bd2 Qd7 18. Qf3 Rae8 19. b4 b6 20. bxc5 dxc5 21. a4 Bg4 22. Qf2 g5 23. a5 b5 24. Rec1 c4 25. Bb4 Rf6 26. Bc5 gxf4 27. gxf4 Bf5 28. Bxf5 Qxf5 29. dxc4 Rg6+ 30. Qg3 Rxg3+ 31. hxg3 Re3 32. Kf2 Qe4 33. Rb2 Qf3+ 34. Kg1 Re2 35. Rxe2 Qxe2 36. Rf1 d3 37. d6 d2 38. cxb5 d1=Q 39. Rxd1 Qxd1+ 40. Kh2 Qe2+ 41. Kh1 Qxb5 42. Bxa7 Qxa5 43. Bb8 Bf6 44. Bc7 Qd5+ 45. Kh2 h5 46. Bb8 Kf7 47. Bc7 Kg6 48. Kg1 Kf5 49. Kf2 Ke4 50. Ke1 Qa2 51. Bb6 Kd3 52. Kf1 Qb1+ 53. Kg2 Qxb6 54. Kh3 Qxd6 55. g4 hxg4+ 56. Kxg4 Qe6+ 57. Kh5 Qf5+ 58. Kh6 Qxf4+ 59. Kh7 Bh4 60. Kg8 Qf6 61. Kh7 Qg5 62. Kh8 Ke4 63. Kh7 Kf5 64. Kh8 Kf6 65. Kh7 Qg7# 0-1


[Site "https://www.chess.com"]

[Event "Titled Tuesday Blitz February 07 Early 2023"]
[White "Lehtosaari, Mauri"]
[Black "Fajdetic, Hrvoje"]
[WhiteFideId "501999"]
[BlackFideId "14501945"]
[WhiteElo "2176"]
[BlackElo "2151"]
[Result "1/2-1/2"]
[Round "03"]
[TimeControl "180+2"]
[Date "2023.02.07"]
[WhiteClock "0:00:09"]
[BlackClock "0:00:05"]

1. d4 e6 2. Nf3 f5 3. Bf4 Nf6 4. e3 b6 5. h3 Bb7 6. Be2 Be7 7. O-O O-O 8. c4 d6 9. Nc3 Qe8 10. Bh2 Ne4 11. Nxe4 Bxe4 12. Nd2 Bb7 13. Bf3 Bxf3 14. Qxf3 Qc6 15. d5 exd5 16. cxd5 Qb5 17. Nb3 Bf6 18. Rac1 Na6 19. Rc2 g6 20. Rfc1 Rf7 21. Nd4 Bxd4 22. exd4 Re8 23. Bf4 Re4 24. a3 Qxd5 25. Be3 f4 26. Bd2 Rxd4 27. Qe2 f3 28. Qxa6 Rxd2 29. Rxd2 Qxd2 30. Rf1 fxg2 31. Qc8+ Kg7 32. Kxg2 Qd5+ 33. f3 Qg5+ 34. Kh2 Re7 35. Rf2 Qe3 36. Kg2 Qc5 37. Qg4 Re5 38. h4 h5 39. Qd7+ Kh6 40. Qd8 Kg7 41. Qd7+ Kf6 42. Qd8+ Re7 43. Qh8+ Kf7 44. Qh7+ Kf6 45. Qh8+ Rg7 46. Qf8+ Rf7 47. Qh8+ Rg7 48. Qf8+ Rf7 49. Qh8+ Rg7 1/2-1/2


[Site "https://www.chess.com"]

[Event "Titled Tuesday Blitz February 07 Early 2023"]
[White "Adithya A Chullikkad"]
[Black "Nguyen, Hong Anh"]
[WhiteFideId "45078734"]
[BlackFideId "12406732"]
[WhiteElo "2259"]
[BlackElo "1970"]
[Result "1-0"]
[Round "03"]
[TimeControl "180+2"]
[Date "2023.02.07"]
[WhiteClock "0:00:40"]
[BlackClock "0:01:43"]

1. d4 Nf6 2. Bf4 g6 3. e3 Bg7 4. Bd3 O-O 5. Nf3 c5 6. O-O cxd4 7. exd4 d6 8. c3 Nc6 9. Nbd2 Be6 10. Re1 Qb6 11. Qc2 Rac8 12. Bc4 Bf5 13. Qb3 Qc7 14. Bb5 Na5 15. Qd1 Nd5 16. Bg3 Qb6 17. a4 a6 18. c4 Nb4 19. Rxe7 axb5 20. cxb5 Nc2 21. Rc1 Nxd4 22. Rxc8 Rxc8 23. Nxd4 Qxd4 24. Qe1 Bf6 25. Re3 Qxb2 26. Re8+ Rxe8 27. Qxe8+ Kg7 28. Nf1 Qd4 29. h3 Nb3 30. Qb8 b6 31. Bxd6 Bh4 32. Qf8+ Kf6 33. Qe7+ Kg7 34. Be5+ Kh6 35. Qf8+ Kh5 36. Bxd4 Nxd4 37. g4+ Bxg4 38. hxg4+ Kxg4 39. Qxf7 1-0


[Site "https://www.chess.com"]

[Event "Titled Tuesday Blitz February 07 Early 2023"]
[White "Bilan, Danila"]
[Black "Burke, John F"]
[WhiteFideId "24161918"]
[BlackFideId "2052970"]
[WhiteElo "2303"]
[BlackElo "2013"]
[Result "1-0"]
[Round "03"]
[TimeControl "180+2"]
[Date "2023.02.07"]
[WhiteClock "0:00:07"]
[BlackClock "0:00:01"]

1. d4 c5 2. e3 e6 3. Nf3 Nf6 4. c4 b6 5. Nc3 Bb7 6. d5 exd5 7. cxd5 d6 8. Bd3 Nbd7 9. e4 a6 10. a4 Be7 11. O-O O-O 12. h3 Re8 13. Qc2 Bf8 14. Bf4 Qc7 15. Bh2 g6 16. Nd2 Ne5 17. Nc4 Nfd7 18. f4 Nxc4 19. Bxc4 Bg7 20. Rae1 Re7 21. Qd3 Rae8 22. e5 Qc8 23. e6 Nf6 24. f5 Qd8 25. g4 gxf5 26. Rxf5 Kh8 27. Ref1 fxe6 28. Rxf6 Bxf6 29. Rxf6 exd5 30. Bxd5 Re1+ 31. Rf1 Rxf1+ 32. Qxf1 Qh4 33. Kg2 Bxd5+ 34. Nxd5 Qg5 35. Nf4 Re4 36. Qf3 Qe7 37. Bg3 Re3 38. Qa8+ Kg7 39. Nh5+ Kh6 40. Bf4+ 1-0


[Site "https://www.chess.com"]

[Event "Titled Tuesday Blitz February 07 Early 2023"]
[White "Shimanov, Aleksandr"]
[Black "Fabris, Alberto"]
[WhiteFideId "4198603"]
[BlackFideId "801348"]
[WhiteElo "2581"]
[BlackElo "2230"]
[Result "1-0"]
[Round "03"]
[TimeControl "180+2"]
[Date "2023.02.07"]
[WhiteClock "0:00:17"]
[BlackClock "0:00:03"]

1. e4 c5 2. Nf3 d6 3. Nc3 Nf6 4. e5 dxe5 5. Nxe5 e6 6. g3 Nbd7 7. Nc4 Be7 8. Bg2 O-O 9. O-O Nb6 10. d3 a6 11. a4 Nxc4 12. dxc4 Qc7 13. Bf4 e5 14. Bg5 Rd8 15. Qe2 Be6 16. Bxf6 Bxf6 17. Nd5 Bxd5 18. Bxd5 Rd6 19. a5 Rad8 20. Kg2 g6 21. h4 h5 22. c3 Qe7 23. Qf3 R8d7 24. Rfe1 Bg7 25. Re2 Kh7 26. Rae1 f5 27. Qe3 Rc7 28. f3 Bf6 29. Rh1 Qg7 30. Qf2 Qh6 31. b4 cxb4 32. cxb4 Qf8 33. Rb1 Qd8 34. b5 Qd7 35. b6 Rc8 36. Rbe1 Qa4 37. Ra2 Qb4 38. Bxb7 Rxc4 39. Bxa6 Rc5 40. Rb2 Qxa5 41. b7 Rd8 42. b8=Q Rxb8 43. Rxb8 Rc2 44. Qxc2 Qxe1 45. Rb7+ Kh6 46. Rb1 Qe3 47. Qe2 Qa3 48. Qd2+ f4 49. gxf4 Qxa6 50. fxe5+ Kg7 51. exf6+ 1-0


[Site "https://www.chess.com"]

[Event "Titled Tuesday Blitz February 07 Early 2023"]
[White "Fernandez Siles, Luis"]
[Black "Kozak, Adam"]
[WhiteFideId "2209420"]
[BlackFideId "753246"]
[WhiteElo "2218"]
[BlackElo "2572"]
[Result "0-1"]
[Round "03"]
[TimeControl "180+2"]
[Date "2023.02.07"]
[WhiteClock "0:00:02"]
[BlackClock "0:00:10"]

1. d4 Nf6 2. c4 e6 3. Nc3 c5 4. d5 exd5 5. cxd5 d6 6. e4 g6 7. f4 Bg7 8. Bb5+ Nfd7 9. a4 a6 10. Bd3 O-O 11. Nf3 Qc7 12. O-O c4 13. Bc2 Nc5 14. h3 Nbd7 15. Be3 Rb8 16. a5 Re8 17. Bd4 Bf8 18. f5 Ne5 19. Bxe5 dxe5 20. d6 Qxd6 21. Nd5 gxf5 22. Ng5 Qg6 23. h4 f4 24. Nxf4 exf4 25. Rxf4 Nd3 26. Bxd3 cxd3 27. Nxf7 Be6 28. Ng5 Bh6 29. Qxd3 Bxg5 30. hxg5 Rf8 31. Qd6 Rbd8 32. Rxf8+ Rxf8 33. Rd1 Qxe4 34. Qg3 Bd5 35. Rd2 Bc6 36. Rd6 Qf4 37. Qb3+ Qf7 38. Qg3 Qf1+ 39. Kh2 Qf4 40. g6 Qxg3+ 41. Kxg3 h6 42. Kg4 Kg7 43. g3 Rf6 0-1


[Site "https://www.chess.com"]

[Event "Titled Tuesday Blitz February 07 Early 2023"]
[White "Fernandez Guillen, Ernesto J."]
[Black "Kirillov, Dmitry"]
[WhiteFideId "3512428"]
[BlackFideId "34180572"]
[WhiteElo "2477"]
[BlackElo "2179"]
[Result "1-0"]
[Round "03"]
[TimeControl "180+2"]
[Date "2023.02.07"]
[WhiteClock "0:01:41"]
[BlackClock "0:00:04"]

1. e4 c5 2. Nf3 d6 3. d4 cxd4 4. Nxd4 Nf6 5. Nc3 a6 6. Bc4 e6 7. Bb3 Nc6 8. Be3 Be7 9. Qf3 Ne5 10. Qg3 b5 11. f4 Neg4 12. Nc6 Qc7 13. Nxe7 Qxe7 14. e5 dxe5 15. fxe5 Nxe3 16. exf6 Qc5 17. fxg7 Rg8 18. Qf3 Rxg7 19. Qxa8 Nxg2+ 20. Kd1 Ne3+ 21. Kc1 Qc7 22. Kb1 Ke7 23. Rc1 Bb7 24. Qa7 Nf5 25. a4 b4 26. Nb5 Qc6 27. Nd4 Qc7 28. Nxf5+ exf5 29. Qd4 1-0


[Site "https://www.chess.com"]